 Dungeon Crawl Stone Soup version 0.30-a0-691-g754fce4c43 (webtiles) character file.

Game seed: 17020610504175691086

2788 lesbiats the Grappler (level 9, 0/89 HPs)
             Began as a Troll Fighter on Jan 20, 2023.
             Was a Follower of Wu Jian.
             Hit by a large rock thrown by a cyclops (32 damage)
             ... on level 8 of the Dungeon.
             The game lasted 00:18:01 (6729 turns).

lesbiats the Grappler (Troll Fighter)               Turns: 6729, Time: 00:18:02

Health: 0/89       AC:  5    Str: 26    XL:     9   Next: 43%
Magic:  8/8        EV:  9    Int:  8    God:    Wu Jian [*.....]
Gold:   300        SH:  9    Dex:  9    Spells: 8/8 levels left

rFire   . . .      SeeInvis .      - Unarmed
rCold   . . .      Faith    .    b - +0 kite shield
rNeg    . . .      Spirit   .    a - +0 robe
rPois   .          Reflect  .    (helmet restricted)
rElec   .          Harm     .    h - +0 cloak
rCorr   .          Rampage  .    (gloves unavailable)
Will    .....                    (boots unavailable)
Stlth   +                        (no amulet)
HPRegen 1.14/turn                (no ring)
MPRegen 0.11/turn                (no ring)

@: no status effects
A: large, unfitting armour, claws 3, regeneration 1, shaggy fur 1, tough skin 1
a: Renounce Religion


You were on level 8 of the Dungeon.
You worshipped Wu Jian.
Wu Jian was aware of your devotion.
You visited 2 branches of the dungeon, and saw 9 of its levels.

You collected 300 gold pieces.

Inventory:

Hand Weapons
 A - the +3 dagger "Newt's Funeral" {flame, rElec}
   (You found it on level 6 of the Dungeon)

   rElec:     It insulates you from electricity.
 G - the +6 spear of the Several Suns {holy, rCorr Str-3 Dex+7 SInv}
   (You found it on level 8 of the Dungeon)

   Str:       It affects your strength (-3).
   Dex:       It affects your dexterity (+7).
   SInv:      It lets you see invisible.
   rCorr:     It protects you from acid and corrosion.
 J - a +1 whip of flaming
Missiles
 t - 14 poisoned darts (quivered)
 w - 7 boomerangs
 D - 3 javelins
 E - a large rock
Armour
 a - a +0 robe (worn)
 b - a +0 kite shield (worn)
 h - a +0 cloak (worn)
Jewellery
 F - a ring of flight
Wands
 x - a wand of roots (9)
 z - a wand of acid (6)
Scrolls
 d - 2 scrolls of noise {unknown}
 e - 3 scrolls of identify {unknown}
 i - 2 scrolls of immolation {unknown}
 k - 2 scrolls of teleportation
 o - a scroll of magic mapping {unknown}
 q - a scroll of enchant weapon {unknown}
 v - 3 scrolls of fog {unknown}
 y - a scroll of poison {unknown}
 B - a scroll of fear {unknown}
 C - a scroll of amnesia {unknown}
 H - a scroll of vulnerability {unknown}
Potions
 c - 2 potions of might
 f - 3 potions of curing
 g - 2 potions of haste
 j - 3 potions of heal wounds {unknown}
 l - 2 potions of flight {unknown}
 m - a potion of lignification {unknown}
 n - 4 potions of mutation {unknown}
 p - a potion of degeneration {unknown}
 r - a potion of invisibility {unknown}
 s - a potion of cancellation {unknown}
 u - 3 potions of brilliance {unknown}
 I - 2 potions of ambrosia {unknown}


   Skills:
 + Level 5.9 Fighting
 + Level 3.3 Dodging
 - Level 6.0 Shields
 * Level 9.5 Unarmed Combat


You had 8 spell levels left.
You didn't know any spells.
Your spell library contained the following spells:

 Spells                   Type           Power      Damage    Failure   Level
 Sublimation of Blood     Necr           0%         N/A       80%         2
 Hailstorm                Conj/Ice       0%         3d3       95%         3
 Ozocubu's Armour         Ice            0%         N/A       95%         3
 Anguish                  Hex/Necr       0%         N/A       100%        4
 Animate Dead             Necr           0%         N/A       100%        4
 Ice Form                 Ice/Tmut       0%         N/A       100%        4
 Agony                    Necr           0%         N/A       100%        5
 Borgnjor's Vile Clutch   Necr/Erth      0%         N/A       100%        5
 Death Channel            Necr           0%         N/A       100%        6
 Simulacrum               Ice/Necr       0%         N/A       100%        6
 Ozocubu's Refrigeration  Ice            0%         4d7       100%        7
 Spellforged Servitor     Conj/Summ      0%         N/A       100%        7


Dungeon Overview and Level Annotations

Branches:
Dungeon (8/15)             Temple (1/1) D:5
   Lair: D:8-11

Altars:
Dithmenos
Fedhas
Kikubaaqudgha
Nemelex Xobeh
Okawaru
Qazlal
Wu Jian
Xom
Zin

Annotations:
D:3 1 runed translucent door, bmack86's ghost, amateur MiFi


Innate Abilities, Weirdness & Mutations

You are too large for most types of armour.
You have claws for hands.
Your natural rate of healing is unusually fast.
You are covered in fur. (AC +1)
You have tough skin. (AC +1)


Message History

HP restored.
You feel yourself slow down.
Found 5 stones.
You see here 5 stones.
There is a stone staircase leading down here.
The two-headed ogre shouts in stereo!
You hear a shout! x2
There is a stone staircase leading down here.
There is a large open door here.
You see here a poisoned dart.
You see here a poisoned dart.
You scratch the two-headed ogre.
The two-headed ogre is lightly wounded.
You block the two-headed ogre's attack.
The two-headed ogre hits you with a +0 dire flail!
You scratch the two-headed ogre but do no damage.
The two-headed ogre is lightly wounded.
The two-headed ogre hits you with a +0 giant spiked club!
The two-headed ogre hits you with a +0 dire flail!
You claw the two-headed ogre!
The two-headed ogre is moderately wounded.
You closely miss the two-headed ogre.
The two-headed ogre is moderately wounded.
The two-headed ogre hits you with a +0 giant spiked club!!
You block the two-headed ogre's attack.
As you read the scroll labelled QUORIL ZUAKLO, it crumbles to dust.
You feel strangely unstable.
It was a scroll of teleportation.
You block the two-headed ogre's attack.
The two-headed ogre hits you with a +0 dire flail!
* * * LOW HITPOINT WARNING * * *
It was a potion of curing.
You feel better.
You spin and attack the two-headed ogre.
You claw the two-headed ogre!
The two-headed ogre is heavily wounded.
Your surroundings suddenly seem different.
A two-headed ogre and 3 cyclopes come into view.
The two-headed ogre is wielding the +10 dark maul {heavy} and a +0 giant club.
The cyclops shouts!
The two-headed ogre shouts in stereo!
The cyclops shouts!
The cyclops throws a large rock.
The large rock completely misses you.
The cyclops throws a large rock.
The large rock hits you!!
You die...

.........## ........##
.......## .......#
.......# .......# . ##
.......# # # .#####.
.......# #.#######.#
#.##... .......#
#.....@...# ##......
'####..# #.........#
#....... .≈≈≈##.#
#.C..O....# ##.......
...≈≈#.# #...#.#...#
#........ ##..≈###
#.........# ##.#......
###.≈#
#...#C#...####..##.....
###.≈#
#.........##.#.###.....
##..≈# #.C ......#....#
##.... ...≈≈# #.. ...
..#....# ##...


You could see a two-headed ogre and 3 cyclopes.

Vanquished Creatures
  Pikel (D:8)
  Eustachio (D:5)
  A steam dragon (D:7)
  Menkaure (D:4)
  Duvessa (D:5)
  2 water moccasins (D:6)
  An ogre (D:4)
  A sky beast (D:7)
  2 ice beasts
  3 centaurs
  A lemure (D:8)
  2 bullfrogs
  2 necrophages
  4 scorpions
  Dowan (D:5)
  2 hounds
  5 jellies
  3 orc priests
  An iguana (D:4)
  An orc wizard (D:5)
  6 adders
  An ufetubus (D:5)
  2 worms
  A dart slug (D:1)
  21 orcs
  4 bats
  4 endoplasms
  2 giant cockroaches
  9 goblins
  6 hobgoblins
  11 kobolds
  4 quokkas
  6 ball pythons
  2 frilled lizards (D:1)
  2 rats
117 creatures vanquished.

Notes
Turn   | Place    | Note
-------+----------+-------------------------------------------
     0 | D:1      | lesbiats the Troll Fighter began the quest for the Orb.
     0 | D:1      | Reached XP level 1. HP: 22/22 MP: 0/0
   177 | D:1      | Reached XP level 2. HP: 29/29 MP: 1/1
   418 | D:1      | Reached XP level 3. HP: 36/36 MP: 2/2
   909 | D:2      | Reached skill level 3 in Unarmed Combat
  1555 | D:3      | Reached XP level 4. HP: 44/44 MP: 3/3
  1614 | D:3      | Identified the +4 ring mail of Patience {Int+2 Slay+5}
  1757 | D:3      | Found a runed translucent door.
  1763 | D:3      | Noticed bmack86's ghost (amateur MiFi)
  1971 | D:3      | Found a sparkling altar of Nemelex Xobeh.
  2221 | D:4      | Reached skill level 4 in Unarmed Combat
  2221 | D:4      | Reached XP level 5. HP: 47/53 MP: 4/4
  2561 | D:4      | Got the Vellum of Called Rot
  2564 | D:4      | Noticed an ogre
  2775 | D:4      | Killed an ogre
  2776 | D:4      | Reached XP level 6. HP: 30/61 MP: 5/5
  2997 | D:5      | Entered Level 5 of the Dungeon
  2999 | D:5      | Noticed Duvessa
  3073 | D:5      | Found a staircase to the Ecumenical Temple.
  3087 | Temple   | Entered the Ecumenical Temple
  3109 | Temple   | Became a worshipper of the Wu Jian Council
  3159 | D:5      | Noticed Dowan
  3308 | D:5      | Reached skill level 5 in Unarmed Combat
  3323 | D:5      | Noticed Eustachio
  3338 | D:5      | Noticed Menkaure
  3343 | D:5      | Noticed an ice beast
  3355 | D:4      | HP: 3/61 [ice beast (10)]
  3357 | D:4      | Killed an ice beast
  3624 | D:5      | Killed Eustachio
  3625 | D:5      | Reached XP level 7. HP: 57/70 MP: 6/6
  3688 | D:5      | HP: 3/70 [Duvessa/+0 short sword (5)]
  3754 | D:5      | Killed Duvessa
  3755 | D:5      | Reached skill level 6 in Unarmed Combat
  3776 | D:5      | Killed Dowan
  3825 | D:4      | Killed Menkaure
  3950 | D:5      | Found a blossoming altar of Fedhas.
  3950 | D:5      | Found an ancient bone altar of Kikubaaqudgha.
  4204 | D:6      | Reached skill level 5 in Shields
  4204 | D:6      | Reached XP level 8. HP: 72/79 MP: 7/7
  4271 | D:6      | Reached skill level 7 in Unarmed Combat
  4297 | D:6      | Found a shimmering altar of Xom.
  4616 | D:6      | Reached skill level 5 in Fighting
  4840 | D:6      | Reached skill level 8 in Unarmed Combat
  4990 | D:6      | Identified the +3 dagger "Newt's Funeral" {flame, rElec}
  5606 | D:7      | Found a stormy altar of Qazlal.
  5632 | D:7      | Reached XP level 9. HP: 88/88 MP: 8/8
  6006 | D:8      | Reached * piety under Wu Jian
  6011 | D:8      | Reached skill level 9 in Unarmed Combat
  6142 | D:8      | Identified the +6 spear of the Several Suns {holy, rCorr
                  | Str-3 Dex+7 SInv}
  6298 | D:8      | Noticed a two-headed ogre
  6513 | D:8      | Noticed Pikel
  6549 | D:8      | Killed Pikel
  6727 | D:8      | Noticed a cyclops
  6727 | D:8      | Noticed a two-headed ogre
  6727 | D:8      | Noticed a cyclops
  6727 | D:8      | Noticed a cyclops
  6729 | D:8      | Hit by a large rock thrown by a cyclops

Illustrated notes

Levels and vault maps discovered:
D:1:      amcnicky_arrival_flooded_fountain, layout_loops_ring,
          grunt_decor_arrowhead, item_on_display_a
D:2:      layout_basic
D:3:      layout_basic, overflow_temple_1_default, ebering_ghost_sewer_d
D:4:      layout_loops_ring
D:5:      layout_cave_pools, grunt_temple_overflow_growth_and_decay,
          minmay_temple_entry_statues, uniq_duvessa, uniq_menkaure,
          uniq_eustachio
D:6:      layout_loops_corners, kennysheep_little_box,
          minmay_misc_feat_more_columns, dk_rats_in_the_wall
D:7:      layout_rooms, grunt_qazlal_sundering
D:8:      layout_cave_pods, kennysheep_another_room,
          hellmonk_guarded_unrand_dark_maul, uniq_pikel
Temple:   regret_index_temple_sphere_string

Skill      XL: |  1  2  3  4  5  6  7  8  9 |
---------------+----------------------------+-----
Shields        | 3 4 5 6 |  6.0
Unarmed Combat | 3 4 5 6 8 9 |  9.5
Fighting       | 3 4 5 |  5.9
Dodging        | 3 |  3.3

Action                   |  1- 3 |  4- 6 |  7- 9 || total
-------------------------+-------+-------+-------++-------
Melee: Unarmed           |   103 |   105 |   156 ||   364
Throw: Dart              |       |     3 |     3 ||     6
Invok: Lunge             |       |     3 |    15 ||    18
       Whirlwind         |       |       |    14 ||    14
  Use: Potion            |       |       |     2 ||     2
       Scroll            |       |       |     1 ||     1
Armor: Robe              |    30 |    43 |    36 ||   109
Dodge: Dodged            |    23 |    39 |    39 ||   101
Block: Kite shield       |    31 |    55 |    57 ||   143

Table legend: (Time is in decaauts)
 A = Elapsed time spent in this place.
 B = Non-inter-level travel time spent in this place.
 C = Inter-level travel time spent in this place.
 D = Time resting spent in this place.
 E = Time spent auto-exploring this place.
 F = Levels seen in this place.
 G = Mean time per level.
                   A        B        C        D        E       F      G
               +--------+--------+--------+--------+--------+-----+--------+
         Total |   6734 |   5974 |    760 |    364 |   4320 |   9 |  748.2 |
       Dungeon |   6699 |   5958 |    741 |    364 |   4308 |   8 |  837.4 |
        Temple |     35 |     16 |     19 |      0 |     12 |   1 |   35.0 |
               +--------+--------+--------+--------+--------+-----+--------+

Top non-repeatable levels by time:
     D:4: 1338 daAuts
     D:6: 1116 daAuts
     D:2: 913 daAuts
     D:5: 720 daAuts
     D:7: 701 daAuts
     D:8: 696 daAuts
     D:1: 633 daAuts
     D:3: 578 daAuts
  Temple: 35 daAuts
